Map: Blueshift LE

Players

Yocto - Winner!

  • Race: Zerg Zerg
  • Spawn Location: 7:00

Marszockt

  • Race: Terran Terran
  • Spawn Location: 1:00

VOD

Have the link to the VOD?

Description

Time

  • Played on: Dec. 9, 2018, 4:32 a.m.
  • Length: 19:48
Show
View Real Time Build Order
Export as new Build Order

Yocto Zerg - Winner!

Build Orders: Pool First 

Get SALT Encoding   

  12  0:01  Drone  
  13  0:15  Overlord  
  13  0:18  Drone  
  14  0:38  Drone x3  
  17  1:03  Spawning Pool  
  16  1:04  Drone  
  17  1:15  Hatchery  
  16  1:25  Drone  
  17  1:27  Extractor, Drone  
  17  1:28  Drone  
  17  1:44  Drone  
  18  1:48  Drone  
  19  1:58  Overlord  
  19  1:59  Queen  
  21  2:12  Zergling x2  
  22  2:24  Drone  
  22  2:28  Drone  
  24  2:32  Metabolic Boost  
  24  2:34  Queen  
  26  2:43  Drone  
  26  2:44  Drone x2  
  29  2:50  Overlord  
  29  2:56  Drone  
  30  3:12  Drone x6  
  35  3:16  Queen  
  35  3:19  Queen  
  39  3:24  Baneling Nest  
  38  3:28  Overlord x2  
  38  3:32  Zergling x2  
  38  3:33  Zergling x2  
  40  3:42  Zergling x4  
  42  3:56  Zergling x4  
  42  3:57  Zergling x8  
  48  4:06  Zergling x4  
  50  4:18  Drone x2  
  50  4:21  Hatchery  
  51  4:35  Drone x2  
  51  4:36  Drone x4  
  57  4:40  Lair, Extractor  
  57  4:43  Extractor  
  55  4:47  Overlord, Extractor  
  55  4:48  Overlord  
  54  5:02  Evolution Chamber  
  54  5:04  Evolution Chamber  
  54  5:05  Overlord  
  54  5:06  Overlord x2  
  52  5:16  Drone  
  52  5:17  Drone x2  
  52  5:19  Drone  
  56  5:23  Drone x3  
  56  5:26  Drone x2  
  61  5:30  Zerg Ground Armor Level 1, Zerg Melee Weapons Level 1  
  61  5:34  Baneling x4  
  61  5:48  Queen  
  63  5:55  Drone x2  
  65  5:57  Drone  
  66  6:04  Drone  
  66  6:07  Drone  
  66  6:09  Hydralisk Den  
  67  6:12  Hatchery  
  67  6:17  Drone x7  
  67  6:18  Drone x3  
  76  6:30  Drone x5  
  81  6:33  Centrifical Hooks  
  81  6:46  Zergling x10  
  86  7:01  Spore Crawler  
  85  7:03  Spore Crawler  
  85  7:06  Spore Crawler  
  83  7:17  Hydralisk  
  83  7:18  Hydralisk x8  
  83  7:19  Hydralisk x2  
  105  7:22  Overlord  
  105  7:23  Overlord x3  
  105  7:25  Overseer  
  105  7:28  Zerg Melee Weapons Level 2  
  105  7:34  Extractor  
  105  7:35  Extractor  
  103  7:50  Queen  
  105  7:56  Muscular Augments  
  105  7:58  Baneling x3  
  105  7:59  Baneling  
  105  8:04  Drone x2  
  107  8:08  Drone x3  
  107  8:11  Drone x2  
  107  8:12  Drone  
  110  8:31  Spire  
  108  8:39  Overseer  
  108  8:46  Spore Crawler  
  108  8:47  Spore Crawler  
  106  8:48  Evolution Chamber  
  106  8:50  Spore Crawler  
  105  8:58  Spore Crawler  
  105  8:59  Spore Crawler  
  103  9:08  Hydralisk x9  
  103  9:09  Hydralisk x11  
  141  9:14  Overlord x4  
  141  9:15  Overlord x2  
  143  9:59  Grooved Spines  
  143  10:00  Infestation Pit  
  143  10:04  Drone x2  
  143  10:05  Drone x7  
  143  10:06  Drone x2  
  153  10:32  Zerg Ground Armor Level 2  
  153  10:51  Extractor  
  153  10:56  Corruptor x2  
  153  10:57  Extractor, Corruptor x3  
  161  11:31  Corruptor x4  
  161  11:32  Corruptor x6  
  174  11:34  Overlord x4  
  174  11:36  Zerg Flyer Weapons Level 1  
  180  11:45  Spire  
  179  11:48  Overlord x4  
  179  11:58  Hive  
  179  12:50  Pathogen Glands  
  179  13:10  Greater Spire  
  179  13:12  Corruptor x3  
  185  14:01  Infestor x2  
  185  14:02  Infestor  
  191  14:03  Infestor  
  193  14:14  Zerg Flyer Armor Level 1  
  193  14:32  Zerg Flyer Weapons Level 2  
  193  14:54  Brood Lord x3  
  199  16:29  Extractor  
  199  16:30  Hatchery  
  197  16:33  Extractor  
  197  16:39  Corruptor  
  172  16:59  Brood Lord x2  
  172  17:00  Brood Lord x3  
  182  17:04  Neural Parasite  
  182  17:16  Corruptor x6  
  182  17:17  Corruptor x2  
  198  17:36  Lair  
  196  17:43  Corruptor x3  
  196  17:44  Corruptor x2  
  190  17:45  Corruptor  
  190  18:00  Hatchery  
  190  18:03  Corruptor x3  
  190  18:04  Corruptor x2  
  181  18:41  Brood Lord x3  
  185  19:02  Corruptor x5  
  187  19:03  Corruptor  
Show
View Real Time Build Order
Export as new Build Order

Marszockt Terran 

Build Orders:  

Get SALT Encoding   

  12  0:02  SCV  
  13  0:14  SCV  
  14  0:26  SCV  
  14  0:27  Supply Depot  
  15  0:35  Refinery  
  15  0:42  Supply Depot  
  15  0:46  Refinery  
  15  1:00  Barracks  
  15  1:12  SCV  
  16  1:32  Barracks  
  16  1:38  SCV  
  17  1:50  SCV  
  18  1:58  Factory  
  18  1:59  Marine  
  19  2:07  SCV  
  20  2:17  Marine  
  20  2:19  SCV  
  20  2:20  Barracks Reactor  
  22  2:31  SCV  
  22  2:35  Marine  
  24  2:43  Factory Tech Lab  
  24  2:44  SCV  
  25  2:56  SCV  
  25  2:57  Starport  
  26  3:01  Marine  
  27  3:14  Barracks Tech Lab, Bunker  
  27  3:22  Siege Tank  
  30  3:27  SCV  
  31  3:51  Command Center  
  31  4:06  Bunker  
  31  4:20  Starport Tech Lab  
  31  4:25  Starport  
  31  4:31  Engineering Bay  
  31  4:37  Bunker  
  31  4:40  Supply Depot  
  31  5:02  SCV  
  31  5:06  Bunker, Supply Depot  
  32  5:14  Starport Tech Lab  
  32  5:22  SCV  
  32  5:23  SCV  
  34  5:29  Supply Depot  
  34  5:30  Supply Depot  
  34  5:32  Marine  
  34  5:33  Marine x2  
  34  5:34  SCV  
  34  5:35  SCV  
  39  5:42  Supply Depot  
  39  5:46  Orbital Command  
  39  5:53  Banshee  
  42  6:05  Missile Turret  
  42  6:14  Banshee  
  45  6:24  Missile Turret  
  46  6:32  SCV  
  46  6:34  SCV  
  46  6:36  Banshee  
  50  6:44  Missile Turret  
  50  6:45  SCV  
  50  6:46  Missile Turret, SCV  
  52  6:55  Cloaking Field  
  52  6:57  Banshee  
  55  7:06  Missile Turret  
  55  7:12  SCV  
  55  7:13  SCV  
  57  7:17  Refinery  
  57  7:18  Banshee  
  57  7:20  Refinery  
  57  7:22  Marine x2  
  61  7:23  Marine  
  61  7:24  SCV  
  61  7:25  SCV  
  61  7:28  Hi-Sec Auto Tracking  
  65  7:38  Starport  
  65  7:40  Banshee  
  65  7:44  Starport  
  68  7:49  Fusion Core  
  68  8:07  Armory  
  68  8:09  Armory  
  65  8:39  SCV  
  66  8:42  Starport Tech Lab  
  66  8:43  Starport Tech Lab  
  66  8:51  SCV  
  66  8:52  SCV  
  68  8:56  Missile Turret  
  68  8:57  Missile Turret  
  68  9:03  Terran Ship Weapons Level 1, Terran Vehicle And Ship Armor Level 1, SCV  
  68  9:04  SCV  
  70  9:16  SCV  
  71  9:18  Missile Turret  
  71  9:19  Missile Turret  
  71  9:27  Neosteel Armor  
  71  9:28  SCV  
  72  9:32  Weapon Refit  
  66  9:40  SCV  
  61  9:54  Battlecruiser  
  67  10:09  Orbital Command  
  67  10:18  Missile Turret  
  67  10:36  Missile Turret  
  67  10:38  Missile Turret  
  67  10:56  Missile Turret  
  67  10:59  Missile Turret  
  67  11:07  Terran Infantry Weapons Level 1  
  67  11:16  Command Center, Missile Turret x2  
  67  11:17  Missile Turret x2  
  67  11:18  Missile Turret  
  67  11:19  Missile Turret  
  67  11:20  Missile Turret  
  67  11:21  Missile Turret  
  65  11:33  SCV x2  
  65  11:36  Missile Turret  
  65  11:38  Missile Turret  
  67  11:42  Missile Turret  
  67  11:56  Missile Turret  
  67  11:57  Battlecruiser  
  67  12:01  Terran Ship Weapons Level 2, Terran Vehicle And Ship Armor Level 2  
  73  12:02  Missile Turret  
  73  12:13  Missile Turret  
  73  12:16  Missile Turret  
  73  12:22  Missile Turret  
  73  12:32  Missile Turret  
  73  12:36  Missile Turret  
  73  12:40  Supply Depot  
  73  12:43  Missile Turret  
  73  12:55  Missile Turret  
  73  13:03  Missile Turret  
  73  13:07  Supply Depot  
  73  13:09  Battlecruiser  
  79  13:14  Battlecruiser  
  79  13:15  Missile Turret  
  85  13:24  Refinery  
  85  13:27  Refinery  
  85  13:29  Supply Depot  
  85  13:33  Missile Turret, SCV  
  86  13:45  SCV  
  87  13:52  Supply Depot  
  87  13:54  Missile Turret  
  87  13:57  SCV  
  88  14:05  Battlecruiser  
  88  14:06  Battlecruiser  
  100  14:13  Battlecruiser  
  100  14:14  Supply Depot  
  100  14:15  Missile Turret  
  106  14:18  Battlecruiser  
  112  14:34  Terran Ship Weapons Level 3, Missile Turret  
  112  14:35  Terran Vehicle And Ship Armor Level 3  
  112  14:43  Supply Depot  
  112  14:54  Missile Turret  
  112  15:13  Missile Turret, Supply Depot  
  112  15:26  Battlecruiser x3  
  130  15:33  Missile Turret  
  130  15:36  Supply Depot  
  130  15:44  Planetary Fortress  
  130  16:01  Battlecruiser  
  136  16:11  Command Center  
  136  16:12  Missile Turret  
  136  16:14  Missile Turret  
  136  16:32  Missile Turret  
  136  16:35  Missile Turret  
  136  16:52  Missile Turret  
  94  16:55  Missile Turret  
  94  16:59  Battlecruiser  
  100  17:11  Missile Turret  
  100  17:15  Missile Turret  
  100  17:23  Missile Turret  
  100  17:32  Missile Turret  
  76  17:59  Marine x3  
  76  18:17  Marine x3  
  69  18:34  Marine  
  69  18:35  Marine x2  
  69  18:37  Battlecruiser x2  
  84  18:46  Planetary Fortress  
  84  18:52  Marine  
  84  18:53  Marine x2  
  87  18:56  Refinery  
  87  19:04  Refinery  
  87  19:11  Marine  
Tags
 
Matchup
TvZ
Opening
Pool First
Replay Pack
Yocto
Spawn Locations
Cross Positions
Add a new tag
Caveats
  • Supply blocks, unpowered buildings, or Contaminate may cause inaccurate times.
  • Supply counts are checked every 10 seconds.